 Dungeon Crawl Stone Soup version 0.30.1 (webtiles) character file.

Game seed: 12941056520182750384

10449 Graphine the Unseen (level 11, -6/103 HPs)
             Began as a Kobold Brigand on July 4, 2023.
             Was an Initiate of Gozag.
             Mangled by a large abomination (13 damage)
             ... on level 2 of the Abyss.
             The game lasted 00:24:23 (10812 turns).

Graphine the Unseen (Kobold Brigand)               Turns: 10812, Time: 00:24:23

Health: -6/103     AC: 29    Str:  7    XL:     11   Next: 93%
Magic:  0/20       EV:  3    Int: 19    God:    Gozag
Gold:   702        SH:  0    Dex: 18    Spells: 10/10 levels left

rFire   + + .        I - +8 hammer of Wealth {pain, rF++ rCorr Int+2 Stlth-}
rCold   . . .        (no shield)
rNeg    . . .        y - melded +2 robe {rC+ rF+}
rPois   +            B - melded +1 helmet {SInv}
rElec   .            c - melded +1 cloak
rCorr   +            H - melded +2 pair of gloves {infuse}
SInv    .            (boots currently unavailable)
Will    .....        b - amulet of guardian spirit
Stlth   ++++++       l - ring of magical power
HPRegen 0.37/turn    m - +4 ring of protection
MPRegen 0.17/turn

%: random rage (3%), guardian spirit
@: tree-form
A: stationary, stasis, torment immunity, boosted hp, small, no large weapons,
nightstalker 3, berserk 1, clever 1, clumsy 1, mutation resistance 1
a: Renounce Religion, Potion Petition, Call Merchant, Bribe Branch


You were on level 2 of the Abyss.
You worshipped Gozag.
Gozag was pleased with you.
You were a tree.
You visited 2 branches of the dungeon, and saw 10 of its levels.
You visited the Abyss 1 time.

You collected 1143 gold pieces.
You spent 330 gold pieces at shops.
You paid 111 gold pieces to Gozag.

Inventory:

Hand Weapons
 a - a +4 dagger
 I - the +8 hammer of Wealth (weapon) {pain, rF++ rCorr Int+2 Stlth-}
   (You found it on level 7 of the Dungeon)

   Int:       It affects your intelligence (+2).
   rF:        It greatly protects you from fire.
   rCorr:     It protects you from acid and corrosion.
   Stlth:     It makes you less stealthy.
Missiles
 d - 24 poisoned darts (quivered)
 n - 8 boomerangs
Armour
 c - a +1 cloak (melded)
 y - a +2 robe of resistance (melded)
 B - a +1 helmet of see invisible (melded)
 H - a +2 pair of gloves of infusion (melded)
Jewellery
 b - an amulet of guardian spirit (around neck)
 l - a ring of magical power (left branch)
 m - a +4 ring of protection (right branch)
 s - a ring of flight
 x - a +6 ring of dexterity
Wands
 z - a wand of flame (34)
Scrolls
 h - a scroll of identify
 j - 2 scrolls of fog
 k - 3 scrolls of teleportation
 o - a scroll of vulnerability
 q - a scroll of blinking
 t - 2 scrolls of amnesia
 u - 2 scrolls of magic mapping
 G - a scroll of poison
Potions
 f - 3 potions of curing
 i - a potion of heal wounds
 v - a potion of brilliance
 A - a potion of flight
 F - 2 potions of mutation


   Skills:
 + Level 8.4 Fighting
 - Level 10.0 Short Blades
 - Level 2.1 Throwing
 * Level 12.4 Dodging
 * Level 15.4 Stealth


You had 10 spell levels left.
You didn't know any spells.
Your spell library contained the following spells:

 Spells                   Type           Power      Damage    Failure   Level
 Sublimation of Blood     Necr           0%         N/A       30%         2
 Wereblood                Tmut           0%         N/A       30%         2
 Summon Hydra             Summ           0%         N/A       100%        7


Dungeon Overview and Level Annotations

Branches:
Dungeon (9/15)             Temple (1/1) D:6            Lair (0/5) D:9
    Orc: D:9-12

Altars:
Cheibriados
Dithmenos
Fedhas
Gozag
Hepliaklqana
Kikubaaqudgha
Makhleb
Nemelex Xobeh
Qazlal
Sif Muna
Trog
Vehumet
Yredelemnul
Zin
The Shining One

Shops:
D:4 =   D:6 ([(((   D:9 *

Annotations:
D:3 ripuliukko's ghost, amateur DEEE


Innate Abilities, Weirdness & Mutations

You are a tree.
Your roots penetrate the ground, keeping you stationary.
You cannot be teleported.
You are immune to unholy pain and torment.
Your maximum health is greatly increased.
Your equipment is partially melded.
You are small and have problems with some larger weapons.
You are completely attuned to the shadows.
You sometimes lose your temper in combat.
Your mind is acute. (Int +4, Str/Dex -1)
You are clumsy. (Dex -2)
You are somewhat resistant to further mutation.


Message History

Hit: a) +4 dagger
Press: ? - help, Dir - move target, f/p - large abomination
Aim: a large abomination (heavily damaged, about 18% to evade your +4 dagger)
You hit the large abomination.
The large abomination is heavily damaged.
An ufetubus comes into view.
The large abomination hits you but does no damage.
You feel clever.
You have a feeling of ineptitude.
I - the +8 hammer of Wealth (weapon)
{pain, rF++ rCorr Int+2 Stlth-} Hit: I) +8 hammer of Wealth {pain, rF++ rCorr Int+2 Stlth-}
Press: ? - help, Dir - move target, f/p - large abomination
Aim: a large abomination (heavily damaged, about 20% to evade the +8 hammer of Wealth)
You hit the large abomination but do no damage.
The large abomination is heavily damaged.
The large abomination hits you!!
* * * LOW HITPOINT WARNING * * *
The large abomination hits you.
* * * LOW HITPOINT WARNING * * *
Hit: I) +8 hammer of Wealth {pain, rF++ rCorr Int+2 Stlth-}
Press: ? - help, Dir - move target, f/p - large abomination
Aim: a large abomination (heavily damaged, about 20% to evade the +8 hammer of Wealth)
You hit the large abomination.
The large abomination is severely damaged.
The large abomination hits you.
* * * LOW HITPOINT WARNING * * *
Hit: I) +8 hammer of Wealth {pain, rF++ rCorr Int+2 Stlth-}
Press: ? - help, Dir - move target, f/p - large abomination
Aim: a large abomination (severely damaged, about 20% to evade the +8 hammer of Wealth)
You hit the large abomination but do no damage.
The large abomination is severely damaged.
The large abomination hits you but does no damage.
Hit: I) +8 hammer of Wealth {pain, rF++ rCorr Int+2 Stlth-}
Press: ? - help, Dir - move target, f/p - large abomination
Aim: a large abomination (severely damaged, about 20% to evade the +8 hammer of Wealth)
You hit the large abomination.
The large abomination is severely damaged.
The large abomination hits you!
You die...
Your body crumbles into a pile of gold.

. ... . . .. .
# ..... .# #..
.. ..#
#######.... ...
#
....XX♣........
#
##...####..#..
.##. .... #...
...# #.#.. #.#
.##..# .###.#..
.X ..####.. .#.
.#.# # # . ##
## #. # #


You could see 2 large abominations.

Vanquished Creatures
  Gastronok (D:9)
  A two-headed ogre (D:9)
  A thrashing horror (Abyss:2)
  A skeletal warrior (D:9)
  A glowing orange brain (Abyss:2)
  An elephant (D:9)
  A smoke demon (Abyss:2)
  2 large abominations (Abyss:2)
  A freezing wraith (Abyss:2)
  3 trolls (D:9)
  A hornet (D:9)
  A ynoxinul (Abyss:2)
  Sigmund (D:4)
  6 yaks (D:9)
  2 wyverns (D:9)
  2 neqoxecs (Abyss:2)
  A basilisk (D:9)
  A chaos spawn (Abyss:2)
  4 water moccasins
  3 sky beasts
  An orc warrior (D:6)
  A black bear (D:9)
  5 ogres
  2 kobold brigands (D:9)
  Blork the orc (D:6)
  5 bullfrogs
  A gnoll sergeant (D:6)
  A scorpion (D:6)
  A wight (D:7)
  A killer bee (D:9)
  A howler monkey (D:6)
  2 quasits
  A gnoll bouda (D:8)
  A small abomination (Abyss:2)
  Crazy Yiuf (D:7)
  2 jellies
  4 orc priests
  A hound (D:5)
  An iron imp (Abyss:2)
  A sleepcap (D:4)
  8 iguanas
  15 gnolls
  6 adders
  A shadow imp (Abyss:2)
  2 white imps
  A worm (D:2)
  A dart slug (D:3)
  20 orcs
  11 ball pythons
  9 bats
  6 endoplasms
  3 giant cockroaches
  5 hobgoblins
  7 jackals (D:3)
  10 kobolds
  2 quokkas
  3 frilled lizards (D:1)
  7 goblins
  6 rats
192 creatures vanquished.

Notes
Turn   | Place    | Note
-------+----------+-------------------------------------------
     0 | D:1      | Graphine the Kobold Brigand began the quest for the Orb.
     0 | D:1      | Reached XP level 1. HP: 12/12 MP: 1/1
    86 | D:1      | Reached XP level 2. HP: 17/17 MP: 2/2
   445 | D:1      | Reached XP level 3. HP: 22/22 MP: 3/3
  1042 | D:2      | Found a sparkling altar of Nemelex Xobeh.
  1284 | D:2      | Reached XP level 4. HP: 27/27 MP: 4/4
  1308 | D:2      | Reached skill level 6 in Stealth
  1471 | D:2      | Found a faded altar of an unknown god.
  1486 | D:2      | Prayed at the altar of an unknown god.
  1486 | D:2      | Became a worshipper of the Shining One
  1486 | D:2      | Reached * piety under the Shining One
  1997 | D:3      | Found a transporter.
  2029 | D:3      | Found a transporter.
  2031 | D:3      | Noticed ripuliukko's ghost (amateur DEEE)
  2529 | D:3      | Reached XP level 5. HP: 32/32 MP: 5/5
  2922 | D:4      | Noticed Sigmund
  2939 | D:4      | Killed Sigmund
  2940 | D:4      | Reached skill level 5 in Short Blades
  2940 | D:4      | Reached skill level 7 in Stealth
  2940 | D:4      | Reached XP level 6. HP: 16/37 MP: 6/6
  3101 | D:4      | Found Athalog's One-of-a-Kind Rings.
  3292 | D:4      | Reached XP level 7. HP: 41/41 MP: 7/7
  3639 | D:5      | Entered Level 5 of the Dungeon
  4190 | D:5      | Reached ** piety under the Shining One
  4206 | D:5      | Reached skill level 8 in Stealth
  4371 | D:5      | Reached skill level 5 in Dodging
  4371 | D:5      | Reached XP level 8. HP: 29/48 MP: 8/8
  5168 | D:6      | Found Gaheh's Weapon Boutique.
  5303 | D:6      | Found a burning altar of Makhleb.
  5326 | D:6      | Found Bugecox's Weapon Shop.
  5403 | D:6      | Reached skill level 9 in Stealth
  5880 | D:6      | Found Deudi's Weapon Shop.
  6005 | D:6      | Reached XP level 9. HP: 53/53 MP: 9/9
  6008 | D:6      | Noticed Blork the orc
  6024 | D:6      | Killed Blork the orc
  6143 | D:6      | Found Pyptun's Antique Armour Shop.
  6186 | D:6      | Found Wajoumei's Weapon Shop.
  6221 | D:6      | Found a staircase to the Ecumenical Temple.
  6227 | Temple   | Entered the Ecumenical Temple
  6236 | Temple   | Fell from the grace of the Shining One
  6236 | Temple   | Became a worshipper of Gozag Ym Sagoz the Greedy
  6381 | D:6      | Bought a glowing helmet for 165 gold pieces
  6456 | D:7      | Reached skill level 5 in Fighting
  6507 | D:7      | Reached skill level 10 in Stealth
  6765 | D:6      | Bought a pair of embroidered gloves for 165 gold pieces
  6838 | D:7      | Found a runed translucent door.
  6841 | D:7      | Noticed Crazy Yiuf
  6889 | D:7      | Found a shimmering blue altar of Sif Muna.
  7074 | D:7      | Found a radiant altar of Vehumet.
  7077 | D:7      | Found a glowing golden altar of the Shining One.
  7079 | D:7      | Found a glowing silver altar of Zin.
  7081 | D:7      | Found an ancient bone altar of Kikubaaqudgha.
  7081 | D:7      | Found a stormy altar of Qazlal.
  7082 | D:7      | Found a hazy altar of Hepliaklqana.
  7123 | D:7      | Found a shadowy altar of Dithmenos.
  7304 | D:7      | Killed Crazy Yiuf
  7336 | D:7      | Identified the +8 hammer of Wealth {pain, rF++ rCorr Int+2
                  | Stlth-}
  7702 | D:8      | Reached skill level 11 in Stealth
  8396 | D:8      | Found a basalt altar of Yredelemnul.
  8890 | D:9      | Noticed a skeletal warrior
  8892 | D:9      | Noticed a hornet
  8922 | D:9      | Killed a skeletal warrior
  8923 | D:9      | Reached skill level 10 in Short Blades
  8923 | D:9      | Reached XP level 10. HP: 28/60 MP: 0/10
  8948 | D:9      | Reached skill level 12 in Stealth
  9459 | D:9      | Noticed an elephant
  9481 | D:9      | Reached skill level 10 in Dodging
  9488 | D:9      | Reached skill level 13 in Stealth
  9500 | D:9      | Killed an elephant
  9503 | D:9      | Reached XP level 11. HP: 62/67 MP: 3/11
  9519 | D:9      | Found a staircase to the Lair.
  9521 | D:9      | Noticed a two-headed ogre
  9526 | D:9      | Killed a two-headed ogre
  9542 | D:9      | Noticed Gastronok
  9588 | D:9      | Reached skill level 14 in Stealth
  9646 | D:9      | Killed Gastronok
  9873 | D:9      | Found Zekulali's General Store.
 10208 | D:9      | Noticed a wizard
 10223 | Abyss:2  | Cast into level 2 of the Abyss (a wizard)
 10231 | Abyss:2  | Noticed a tentacled starspawn
 10242 | Abyss:2  | Noticed a worldbinder
 10244 | Abyss:2  | Found a corrupted altar of Lugonu.
 10283 | Abyss:2  | Gained mutation: You occasionally lose the ability to read
                  | scrolls when taking damage. [a neqoxec]
 10351 | Abyss:2  | Noticed a starcursed mass
 10352 | Abyss:2  | Noticed a cacodemon
 10608 | Abyss:2  | Noticed a thrashing horror
 10641 | Abyss:2  | Lost mutation: You occasionally lose the ability to read
                  | scrolls when taking damage. [potion of mutation]
 10641 | Abyss:2  | Gained mutation: You are clumsy. (Dex -2) [potion of
                  | mutation]
 10641 | Abyss:2  | Gained mutation: Your mind is acute. (Int +4, Str/Dex -1)
                  | [potion of mutation]
 10641 | Abyss:2  | Gained mutation: You sometimes lose your temper in combat.
                  | [potion of mutation]
 10641 | Abyss:2  | Gained mutation: You are somewhat resistant to further
                  | mutation. [potion of mutation]
 10679 | Abyss:2  | Reached skill level 15 in Stealth
 10705 | Abyss:2  | Killed a thrashing horror
 10716 | Abyss:2  | Noticed a glowing orange brain
 10729 | Abyss:2  | Killed a glowing orange brain
 10772 | Abyss:2  | Noticed a tentacled starspawn
 10812 | Abyss:2  | Mangled by a large abomination

Illustrated notes

Levels and vault maps discovered:
D:1:      dpeg_arrival_connections, layout_basic
D:2:      layout_basic, ebering_ecumenical_altar_box, basic_altar,
          minmay_misc_feat_nine_boxes
D:3:      layout_basic, gammafunk_ghost_stat_death
D:4:      layout_rooms, serial_rivers, chequers_serial_rivers_micro_e,
          chequers_serial_rivers_micro_b, chequers_serial_rivers_room_b,
          chequers_serial_rivers_micro_c, chequers_serial_rivers_micro_a,
          chequers_serial_rivers_small_3, nicolae_shop_unique_rings,
          uniq_sigmund
D:5:      layout_gridville
D:6:      layout_rooms, kennysheep_little_box, lemuel_temple_firewalk_a,
          serial_shops, nicolae_shop_window_shopping,
          nicolae_shop_competitors_out_of_business,
          nicolae_shop_tiny_waterfront, nicolae_shop_bloodbath_and_beyond,
          nicolae_take_the_stairs, uniq_blork_the_orc
D:7:      layout_basic, minitemple, mainiacjoe_overflow_brackets,
          mainiacjoe_overflow_chevrons, kennysheep_small_circle,
          uniq_crazy_yiuf_cottage
D:8:      layout_loops_corners, kennysheep_mini, grunt_ogre_cave
D:9:      minmay_opposing_rooms, layout_loops_ring, david_lair_generic,
          serial_shops, shop, eino_small_chamber_without_monster, uniq_gastronok
Temple:   nicolae_temple_no_exploring_needed
Abyss:2:  base: D:1, base: D:4, guppyfry_abyss_exit_imp_island,
          hangedman_decor_peaks_small, hangedman_decor_riveting

Skill      XL: |  1  2  3  4  5  6  7  8  9 10 11 |
---------------+----------------------------------+-----
Short Blades   | 3 4 5 6 7 10 | 10.0
Dodging        | 2 3 4 5 6 8 10 12 | 12.4
Stealth        | 6 7 8 9 11 13 15 | 15.4
Fighting       | 3 4 6 7 8 |  8.4
Throwing       | |  2.1

Action                     |  1- 3 |  4- 6 |  7- 9 | 10-12 || total
---------------------------+-------+-------+-------+-------++-------
  Melee: Dagger            |    74 |   164 |   386 |   335 ||   959
         Punch             |       |     1 |     6 |     5 ||    12
         Mace              |       |       |       |     4 ||     4
  Throw: Boomerang         |    10 |    18 |    25 |       ||    53
         Dart              |       |     2 |    59 |    12 ||    73
         Throwing net      |       |       |     1 |       ||     1
  Evoke: Wand              |       |       |     6 |    11 ||    17
    Use: Scroll            |     5 |       |    18 |     1 ||    24
         Potion            |       |       |     1 |    11 ||    12
   Stab: Sleeping          |    18 |     3 |    13 |     6 ||    40
         Distracted        |       |       |     2 |     2 ||     4
         Invisible         |       |       |     1 |     8 ||     9
         Held in net/web   |       |       |     1 |       ||     1
         Paralysed         |       |       |       |     3 ||     3
 Armour: Robe              |    20 |    80 |    55 |    51 ||   206
         Skin              |       |       |       |     2 ||     2
  Dodge: Dodged            |    44 |   197 |   303 |   235 ||   779
